 Dungeon Crawl Stone Soup version 0.20.0-10-g0535bb4 (webtiles) character file.

217 seyes the Insei (level 5, -1/34 HPs)
             Began as an Octopode Transmuter on June 7, 2017.
             Was an Initiate of Cheibriados.
             Slain by a gnoll
             ... wielding a +0 spear
              (7 damage)
             ... on level 3 of the Dungeon.
             The game lasted 00:22:11 (3926 turns).

seyes the Insei (Octopode Transmuter)               Turns: 3926, Time: 00:22:12

Health: -1/34      AC:  1    Str: 11    XL:     5   Next: 94%
Magic:  9/9        EV: 14    Int: 17    God:    Cheibriados [......]
Gold:   124        SH:  0    Dex: 13    Spells: 4/10 levels left

rFire    + . .     SeeInvis .     - Unarmed
rCold    . . .     Gourm    .   (no shield)
rNeg     . . .     Faith    .   (helmet restricted)
rPois    .         Spirit   .   (no amulet)
rElec    .         Reflect  .   p - ring of protection from fire
rCorr    .         Harm     .   (no ring)
MR       .....                  (no ring)
Stlth    +++.......             (no ring)
Regen    0.2/turn               (no ring)
MPRegen  0.2/turn               (no ring)
                                (no ring)
                                (no ring)

@: very slow
A: almost no armour, stealthy swim, amphibious, 8 rings, constrict 8, camouflage
1, gelatinous body 1
a: Bend Time, Renounce Religion


You were on level 3 of the Dungeon.
You worshipped Cheibriados.
Cheibriados was noncommittal.
You were not hungry.

You visited 1 branch of the dungeon, and saw 3 of its levels.

You collected 124 gold pieces.

Inventory:

Missiles
 a - 52 arrows
 e - 102 stones (quivered)
 f - 7 tomahawks
 j - 54 bolts
 k - 21 poisoned needles
 u - 19 sling bullets
Jewellery
 g - a cursed amulet of inaccuracy {unknown}
 p - a ring of protection from fire (left tentacle)
 r - an uncursed ring of stealth {unknown}
Scrolls
 d - a scroll of random uselessness {unknown}
 i - a scroll of teleportation {unknown}
 m - a scroll of blinking
 q - a scroll of amnesia {unknown}
 t - 3 scrolls of immolation {unknown}
 v - a scroll of magic mapping {unknown}
Potions
 h - a potion of heal wounds {unknown}
 l - a potion of lignification {unknown}
 n - 3 potions of curing {unknown}
 o - a potion of agility {unknown}
 s - a potion of haste {unknown}
 w - a potion of ambrosia {unknown}
Books
 b - a book of Changes

   Spells                             Type                      Level
   a - Beastly Appendage              Transmutation                1
   b - Sticks to Snakes               Transmutation                2
   c - Spider Form                    Transmutation/Poison         3
   d - Ice Form                       Ice/Transmutation            4
   e - Blade Hands                    Transmutation                5
Comestibles
 c - a bread ration
 x - a meat ration
 z - 2 chunks of flesh


   Skills:
 + Level 2.2 Fighting
 + Level 2.9 Dodging
 + Level 2.7 Stealth
 + Level 3.5 Unarmed Combat
 - Level 3.0 Spellcasting
 - Level 3.2 Transmutations


You had 4 spell levels left.
You knew the following spells:

 Your Spells              Type           Power        Failure   Level  Hunger
A - Beastly Appendage     Tmut           ##....       4%          1    None
P - Spider Form           Tmut/Pois      #.........   26%         3    ###....
T - Sticks to Snakes      Tmut           ##......     7%          2    ##.....


Dungeon Overview and Level Annotations

Branches:
Dungeon (3/15)

Altars:
Cheibriados
Gozag

Annotations:
D:3 demiskeleton's ghost, amateur MiBe


Innate Abilities, Weirdness & Mutations

You cannot wear most types of armour.
You are very stealthy in the water. (Stealth+)
You are amphibious.
You can wear up to eight rings at the same time.
You can use your tentacles to constrict eight enemies at once.
Your skin changes colour to match your surroundings (Stealth+).
Your rubbery body absorbs attacks. (AC +1, EV +1)


Message History

The gnoll is heavily wounded.
You constrict the gnoll. The gnoll hits you with a club!
The gnoll shouts!
You tentacle-slap the gnoll but do no damage.
The gnoll is severely wounded.
You constrict the gnoll.
You hear a shout!
The gnoll hits you from afar with a spear!
The gnoll hits you with a club.
* * * LOW HITPOINT WARNING * * *
You tentacle-slap the gnoll. You squeeze the gnoll.
You kill the gnoll!
Cheibriados appreciates the change of pace.
The gnoll hits you from afar with a spear.
* * * LOW HITPOINT WARNING * * *
The gnoll closely misses you.
Things that are here:
a club; a ring mail; a gnoll corpse The gnoll hits you from afar with a spear!
You die...

##.... #.###.#
.#...# #.....
#..##.####...#
#....# #......)...#
W... .....##
#.#....#...# ... .
....#
#.#.).###.....# ..
####..#
#.#.#...#.g#(.# .
##....#####
###.#g###.##....####
##.##[....####.....#
.# #$......
#..######.##...#@###
# .(##..# ..##
#....###.# ###g( #..
..# ###.<# #.#
..##.....# #.#
#...###.# #.##..####
..# #.#>..#.##
#.###....# .[####
#..###.#..#
#.##...... #....#
...# #....# #...
##.#. #....##.##
###..######.# #....
.....####
###.......# #g.).


You could see a gnoll.

Vanquished Creatures
  Terence (D:3)
  Natasha (D:2)
  2 gnolls (D:3)
  3 adders
  2 worms (D:2)
  4 dart slugs
  An orc (D:3)
  6 goblins
  4 hobgoblins
  3 jackals (D:1)
  7 kobolds
  3 quokkas
  8 bats
  7 frilled lizards
  11 rats
63 creatures vanquished.

Vanquished Creatures (collateral kills)
  Natasha (twice) (D:2)
  A gnoll (D:1)
  An adder (D:2)
  A goblin (D:1)
5 creatures vanquished.

Grand Total: 68 creatures vanquished

Notes
Turn   | Place    | Note
-------+----------+-------------------------------------------
     0 | D:1      | seyes the Octopode Transmuter began the quest for the Orb.
     0 | D:1      | Reached XP level 1. HP: 13/13 MP: 3/3
   202 | D:1      | Reached XP level 2. HP: 18/18 MP: 5/5
   623 | D:1      | Learned a level 2 spell: Sticks to Snakes
   632 | D:1      | Reached XP level 3. HP: 18/23 MP: 1/7
  2147 | D:2      | Reached XP level 4. HP: 28/28 MP: 8/8
  2374 | D:2      | Noticed Natasha
  2385 | D:2      | Killed Natasha
  2385 | D:2      | Reached skill level 1 in Stealth
  2479 | D:2      | Learned a level 3 spell: Spider Form
  3006 | D:3      | Found an opulent altar of Gozag.
  3023 | D:3      | Noticed Terence
  3032 | D:3      | Killed Terence
  3032 | D:3      | Reached XP level 5. HP: 17/34 MP: 4/9
  3215 | D:2      | Noticed Natasha
  3265 | D:2      | Killed Natasha
  3310 | D:3      | Found a snail-covered altar of Cheibriados.
  3319 | D:3      | Became a worshipper of Cheibriados the Contemplative
  3397 | D:3      | Noticed demiskeleton's ghost (amateur MiBe)
  3526 | D:2      | Noticed Natasha
  3537 | D:2      | Killed Natasha
  3926 | D:3      | Slain by a gnoll

Skill      XL: |  1  2  3  4  5 |
---------------+----------------+-----
Transmutations | 3 |  3.2
Spellcasting   | 3 |  3.0
Stealth        | 1 2 |  2.7
Fighting       | 2 |  2.2
Dodging        | |  2.9
Unarmed Combat | |  3.5

Action                   |  1- 3 |  4- 6 || total
-------------------------+-------+-------++-------
Melee: Unarmed           |   101 |    75 ||   176
       Constrict         |    30 |    17 ||    47
       Tentacles         |    19 |    11 ||    30
       Punch             |     3 |       ||     3
       Kick              |       |     1 ||     1
Throw: Stone             |    16 |    24 ||    40
       Tomahawk          |       |     3 ||     3
 Cast: Sticks to Snakes  |     2 |    15 ||    17
       Beastly Appendage |     1 |     1 ||     2
       Spider Form       |       |     2 ||     2
  Use: Scroll            |     3 |       ||     3
 Stab: Sleeping          |     2 |     1 ||     3
       Distracted        |       |     1 ||     1
  Eat: Chunk             |     4 |     7 ||    11
Armor: Skin              |    15 |     1 ||    16
Dodge: Dodged            |    71 |    29 ||   100
